 Dungeon Crawl Stone Soup version 0.24.0-123-gd5b16e6ec5 (webtiles) character file.

Game seed: 1262231635125370638, levelgen mode: deterministic

25740 Johnny the Brawler (level 12, -11/126 HPs)
             Began as a Troll Berserker on Jan 19, 2020.
             Was a Priest of Trog.
             Mangled by an orc warrior
             ... wielding a +0 hand axe
             ... led by an orc warlord
              (31 damage)
             ... on level 2 of the Orcish Mines.
             The game lasted 00:17:52 (11503 turns).

Johnny the Brawler (Troll Berserker)               Turns: 11503, Time: 00:17:52

Health: -11/126    AC:  7    Str: 32    XL:     12   Next: 92%
Magic:  11/11      EV: 14    Int:  3    God:    Trog [***...]
Gold:   792        SH:  0    Dex:  9    Spells: 11/11 levels left

rFire    . . .     SeeInvis +     - Unarmed
rCold    . . .     Gourm    +   (no shield)
rNeg     + . .     Faith    .   M - +1 robe {rN+}
rPois    +         Spirit   .   F - +0 hat {SInv}
rElec    .         Reflect  .   (no cloak)
rCorr    .         Harm     .   (gloves unavailable)
MR       ++...                  (boots unavailable)
Stlth    +.........             H - amulet of the acrobat
HPRegen  1.71/turn              r - ring of poison resistance
MPRegen  0.12/turn              j - +3 ring of slaying

@: berserk cooldown, regenerating, slowed, lightly drained, very slow
A: large, unfitting armour, claws 3, fast metabolism 3, gourmand, regeneration
1, shaggy fur 1, tough skin 3
a: Berserk, Trog's Hand, Renounce Religion


You were on level 2 of the Orcish Mines.
You worshipped Trog.
Trog was most pleased with you.
You were very full.

You visited 3 branches of the dungeon, and saw 17 of its levels.
You also visited: Ossuary.

You collected 1524 gold pieces.
You spent 732 gold pieces at shops.

Inventory:

Armour
 C - the +1 robe "Vyobbon" {Int+4}
   (You bought it in a shop on level 7 of the Dungeon)

   It affects your intelligence (+4).
 F - a +0 hat of see invisible (worn)
 M - a +1 robe of positive energy (worn)
Jewellery
 j - a +3 ring of slaying (right claw)
 r - a ring of poison resistance (left claw)
 w - a +5 ring of intelligence
 D - an uncursed ring of stealth
 H - an amulet of the acrobat (around neck)
 N - an uncursed amulet of regeneration {unknown}
Wands
 m - a wand of polymorph (3)
 u - a wand of iceblast (15)
 E - a wand of digging (10)
 J - a wand of paralysis (7)
Scrolls
 c - 4 scrolls of immolation
 d - 4 scrolls of amnesia
 e - 5 scrolls of enchant weapon
 i - 3 scrolls of magic mapping
 k - 2 scrolls of teleportation
 n - a scroll of noise {unknown}
 p - 6 scrolls of fog
 s - 7 scrolls of remove curse
 v - a scroll of summoning {unknown}
 y - a scroll of fear {unknown}
 z - 3 scrolls of random uselessness
 A - 2 scrolls of enchant armour {unknown}
 P - a scroll of identify
Potions
 a - a potion of resistance {unknown}
 f - 4 potions of degeneration {unknown}
 g - 5 potions of lignification {unknown}
 h - 9 potions of curing
 l - 2 potions of berserk rage {unknown}
 o - 3 potions of brilliance {unknown}
 q - a potion of cancellation {unknown}
 t - 2 potions of mutation {unknown}
 x - 3 potions of might {unknown}
 B - a potion of ambrosia {unknown}
 I - a potion of magic {unknown}
 K - a potion of flight {unknown}
 O - a potion of heal wounds {unknown}
Miscellaneous
 G - a lamp of fire
Comestibles
 b - 18 rations
 L - 13 chunks of flesh


   Skills:
 + Level 9.7(9.4) Fighting
 + Level 9.7(9.4) Dodging
 * Level 15.1(14.8) Unarmed Combat


You had 11 spell levels left.
You didn't know any spells.
Your spell library contained the following spells:

 Spells                   Type           Power        Failure   Level  Hunger
 Beastly Appendage        Tmut           #.....       52%         1    ##.....
 Freeze                   Ice            #...         52%         1    ##.....
 Blink                    Tloc           N/A          67%         2    ###....
 Shroud of Golubria       Chrm/Tloc      #.....       67%         2    ###....
 Sticks to Snakes         Tmut           #.......     67%         2    ###....
 Throw Frost              Conj/Ice       #.....       67%         2    ###....
 Gell's Gravitas          Tloc           #.........   88%         3    ####...
 Lesser Beckoning         Tloc           #.........   88%         3    ####...
 Ozocubu's Armour         Chrm/Ice       #.......     88%         3    ####...
 Spider Form              Tmut/Pois      #.........   88%         3    ####...
 Teleport Other           Tloc           #.......     88%         3    ####...
 Ice Form                 Ice/Tmut       #.......     99%         4    #####..
 Passage of Golubria      Tloc           N/A          99%         4    #####..
 Summon Ice Beast         Ice/Summ       #.......     99%         4    #####..
 Throw Icicle             Conj/Ice       #.......     99%         4    #####..
 Blade Hands              Tmut           #.........   100%        5    ######.


Dungeon Overview and Level Annotations

Branches:
Dungeon (14/15)            Temple (1/1) D:7            Lair (0/6) D:11
    Orc (2/2) D:12        Ossuary (visited)
    Elf: Orc:2       Vaults: D:13-14

Altars:
Ashenzari
Cheibriados
Dithmenos
Elyvilon
Fedhas
Gozag
Hepliaklqana
Kikubaaqudgha
Makhleb
Nemelex Xobeh
Okawaru
Qazlal
Ru
Sif Muna
Trog
Uskayaw
Vehumet
Wu Jian
Xom
Yredelemnul
Zin
The Shining One

Shops:
D:7 }[**   D:13 =[%


Innate Abilities, Weirdness & Mutations

You are too large for most types of armour.
You have claws for hands.
Your metabolism is lightning-fast.
You like to eat raw meat.
Your natural rate of healing is unusually fast.
You are covered in fur. (AC +1)
You have extremely tough skin. (AC +3)


Message History

You feel your anger nearly subside.
Your ogre hits the ogre with a cursed -1 giant club.
You are no longer berserk.
You are exhausted.
You feel yourself slow down.
An orc warrior comes into view. It is wielding a +0 short sword.
Your ogre barely misses the orc wizard.
The orc warlord unwields a +0 battleaxe.
The orc warlord wields a +0 arbalest.
The orc warlord shoots a bolt.
The bolt hits you. The orc warrior closely misses you.
There is a stone staircase leading up here.
You see here a bolt.
Your ogre hits the ettin with a cursed -1 giant club!!
The orc warrior hits you with a +0 flail of draining.
You partially resist.
You feel drained. The orc warrior closely misses you.
The orc warrior hits you from afar with a +0 trident!!!
* * * LOW HITPOINT WARNING * * *
Your ogre barely misses the orc warrior.
The orc warrior hits you with a +0 hand axe!!
You die...

...........<...#.
..................
$...................
...............#....
....................
#...................
.........)...#......
........o........#..
.$.....@oO..........
..$.....o#..........
.<....oooC..........
....#..o.ooO........
.........oo.........
.................#.#
...#................
.....#.#..h.......#
................


You could see an orc warlord, an ettin, a warg, 7 orc warriors, an ogre, an orc
wizard, 2 orcs and a friendly ogre (berserk).

Vanquished Creatures
  A centaur warrior (D:13)
  3 two-headed ogres
  3 slime creatures (D:13)
  A skeletal warrior (D:13)
  2 unseen horrors (D:13)
  5 ugly things
  A cyclops (D:11)
  4 kobold demonologists (D:13)
  A meliai (D:14)
  5 trolls
  2 hornets
  7 hippogriffs
  A wyvern (D:11)
  3 fire elementals (D:14)
  11 yaks
  4 vampire mosquitoes (D:13)
  2 hungry ghosts
  6 wargs
  Edmund (D:5)
  3 porcupines (D:11)
  Purgy (D:2)
  4 ice beasts
  10 orc warriors
  A hornet zombie (D:11)
  2 phantoms
  An eye of draining (D:13)
  3 black bears
  6 ogres
  9 centaurs
  A crocodile (D:8)
  Blork the orc (D:6)
  5 bullfrogs
  An elf zombie (Ossuary)
  6 scorpions
  21 wights
  2 howler monkeys
  8 crimson imps
  2 centaur zombies (Ossuary)
  4 hounds
  5 orc priests
  2 bullfrog zombies
  2 jellies
  11 orc wizards
  4 centaur skeletons
  4 bullfrog skeletons
  Ijyb (D:5)
  Natasha (D:3)
  6 worker ants
  4 iguanas
  2 big kobold zombies (Ossuary)
  3 hound zombies
  2 mummies (Ossuary)
  Robin (D:3)
  A gnoll (D:10)
  10 adders
  4 shadow imps
  2 adder skeletons
  An adder zombie (Ossuary)
  6 worms
  A dart slug (D:2)
  6 leopard geckos
  46 orcs
  3 bats (D:2)
  5 giant cockroaches
  17 goblins
  14 hobgoblins
  11 jackals
  3 kobolds
  4 quokkas
  3 ball pythons
  A ball python skeleton (D:4)
  4 frilled lizards
  A giant cockroach zombie (D:6)
  2 goblin zombies (Ossuary)
  9 hobgoblin zombies (Ossuary)
  3 jackal skeletons
  A jackal zombie (Ossuary)
  9 kobold zombies (Ossuary)
  9 orc zombies (Ossuary)
  4 rats
  A rat zombie (Ossuary)
383 creatures vanquished.

Vanquished Creatures (collateral kills)
  An orc warlord (Orc:1)
  A two-headed ogre (D:11)
  2 skeletal warriors (D:13)
  A cyclops (D:11)
  A troll (D:11)
  A hornet (D:11)
  A slime creature (D:13)
  A hippogriff (D:11)
  2 vampire mosquitoes (D:13)
  A warg (Orc:2)
  A porcupine (D:11)
  2 black bears (D:11)
  An orc warrior (D:11)
  2 ogres
  A bullfrog (D:11)
  2 orc priests (D:11)
  3 gnolls (D:10)
  9 orcs
  A quokka (D:11)
34 creatures vanquished.

Vanquished Creatures (others)
  13 fungi (D:11)
  2 plants (D:11)
15 creatures vanquished.

Grand Total: 432 creatures vanquished

Notes
Turn   | Place    | Note
-------+----------+-------------------------------------------
     0 | D:1      | Johnny the Troll Berserker began the quest for the Orb.
     0 | D:1      | Reached XP level 1. HP: 22/22 MP: 0/0
   217 | D:1      | Reached XP level 2. HP: 29/29 MP: 1/1
   659 | D:2      | Reached XP level 3. HP: 36/36 MP: 2/2
   729 | D:2      | Reached ** piety under Trog
   779 | D:2      | Reached skill level 4 in Unarmed Combat
   926 | D:2      | Reached XP level 4. HP: 44/44 MP: 3/3
  1039 | D:3      | Noticed Purgy
  1047 | D:2      | Killed Purgy
  1047 | D:2      | Reached XP level 5. HP: 53/53 MP: 4/4
  1093 | D:3      | Noticed Robin
  1210 | D:3      | Killed Robin
  1210 | D:3      | Reached skill level 5 in Unarmed Combat
  1276 | D:3      | Reached *** piety under Trog
  1442 | D:3      | Noticed a black bear
  1448 | D:3      | Killed a black bear
  1448 | D:3      | Reached XP level 6. HP: 61/61 MP: 5/5
  1769 | D:3      | Noticed Natasha
  1773 | D:3      | Killed Natasha
  1941 | D:4      | Found a sparkling altar of Nemelex Xobeh.
  2500 | D:5      | Entered Level 5 of the Dungeon
  2517 | D:5      | Reached skill level 6 in Unarmed Combat
  2517 | D:5      | Reached XP level 7. HP: 61/68 MP: 6/6
  2557 | D:5      | Noticed Ijyb
  2564 | D:5      | Killed Ijyb
  2783 | D:5      | Found a shimmering blue altar of Sif Muna.
  2783 | D:5      | Found a stormy altar of Qazlal.
  2784 | D:5      | Found a bloodstained altar of Trog.
  2786 | D:5      | Found a sacrificial altar of Ru.
  2946 | D:5      | Noticed Edmund
  2953 | D:5      | Killed Edmund
  2953 | D:5      | Reached skill level 7 in Unarmed Combat
  3141 | D:6      | Reached XP level 8. HP: 40/79 MP: 7/7
  3338 | D:6      | Found a sand-covered staircase.
  3357 | Ossuary  | Entered an ossuary
  3372 | Ossuary  | Reached **** piety under Trog
  3550 | Ossuary  | Reached skill level 8 in Unarmed Combat
  3630 | D:6      | Noticed Blork the orc
  3635 | D:6      | Reached skill level 5 in Fighting
  3635 | D:6      | Reached skill level 5 in Dodging
  3642 | D:6      | Killed Blork the orc
  3955 | D:6      | Found a blossoming altar of Fedhas.
  4034 | D:6      | Found an opulent altar of Gozag.
  4034 | D:6      | Found a glowing silver altar of Zin.
  4099 | D:7      | Found Yfesucech's Antique Armour Shoppe.
  4113 | D:7      | Bought a steaming robe for 142 gold pieces
  4123 | D:7      | Identified the +1 robe "Vyobbon" {Int+4} (You bought it in
                  | a shop on level 7 of the Dungeon)
  4156 | D:7      | Found Nosmil's General Store.
  4166 | D:7      | Bought a scroll of fog for 24 gold pieces
  4181 | D:7      | Found Xusto's General Store.
  4186 | D:7      | Bought a scroll of identify for 26 gold pieces
  4313 | D:7      | Found a staircase to the Ecumenical Temple.
  4318 | D:7      | Noticed a hippogriff
  4328 | D:7      | Killed a hippogriff
  4436 | Temple   | Entered the Ecumenical Temple
  4666 | D:7      | Reached XP level 9. HP: 88/88 MP: 8/8
  4670 | D:7      | Reached skill level 9 in Unarmed Combat
  4690 | D:7      | Found Ydiph's Gadget Boutique.
  5020 | D:8      | Noticed a two-headed ogre
  5025 | D:8      | Reached ***** piety under Trog
  5027 | D:8      | Killed a two-headed ogre
  5103 | D:8      | Reached skill level 10 in Unarmed Combat
  5431 | D:8      | Noticed a two-headed ogre
  5438 | D:8      | Killed a two-headed ogre
  5438 | D:8      | Reached XP level 10. HP: 69/100 MP: 9/9
  6004 | D:9      | Reached skill level 11 in Unarmed Combat
  6068 | D:9      | Found a hazy altar of Hepliaklqana.
  6152 | D:9      | Found a glowing golden altar of the Shining One.
  6154 | D:9      | Noticed an angel
  6520 | D:9      | Found a basalt altar of Yredelemnul.
  6782 | D:10     | Entered Level 10 of the Dungeon
  7096 | D:10     | Found a shimmering altar of Xom.
  7096 | D:10     | Found a shimmering altar of Xom.
  7097 | D:10     | Found a shimmering altar of Xom.
  7097 | D:10     | Found a shimmering altar of Xom.
  7101 | D:10     | Received a gift from Trog
  7150 | D:10     | Reached skill level 12 in Unarmed Combat
  7259 | D:10     | Reached XP level 11. HP: 78/109 MP: 10/10
  7751 | D:11     | Noticed a green ugly thing
  7754 | D:11     | Killed a green ugly thing
  7762 | D:11     | Noticed a two-headed ogre
  7766 | D:11     | Noticed a red ugly thing
  7770 | D:11     | Killed a two-headed ogre
  7925 | D:11     | Found a staircase to the Lair.
  7952 | D:11     | Killed a red ugly thing
  7960 | D:11     | Reached skill level 13 in Unarmed Combat
  8105 | D:11     | Noticed a red ugly thing
  8111 | D:11     | Killed a red ugly thing
  8743 | D:12     | Received a gift from Trog
  8772 | D:12     | Found a staircase to the Orcish Mines.
  8844 | D:12     | Noticed a brown ugly thing
  8854 | D:12     | Killed a brown ugly thing
  9008 | D:7      | Bought a +3 ring of slaying for 540 gold pieces
  9651 | D:13     | Noticed a red ugly thing
  9809 | D:13     | Killed a red ugly thing
  9809 | D:13     | Reached XP level 12. HP: 122/122 MP: 11/11
  9877 | D:13     | Found Cacluzxiha's Antique Armour Boutique.
  9900 | D:13     | Found Woof's Food Shoppe.
  9923 | D:13     | Noticed a two-headed ogre
  9936 | D:13     | Reached skill level 14 in Unarmed Combat
  9950 | D:13     | Killed a two-headed ogre
 10217 | D:13     | Found Meoji's Jewellery Shoppe.
 10234 | D:13     | Noticed a centaur warrior
 10245 | D:13     | Killed a centaur warrior
 10880 | Orc:1    | Entered Level 1 of the Orcish Mines
 11092 | Orc:1    | Noticed an orc warlord
 11109 | Orc:1    | Killed an orc warlord
 11109 | Orc:1    | Reached skill level 15 in Unarmed Combat
 11485 | Orc:2    | Entered Level 2 of the Orcish Mines
 11493 | Orc:2    | Noticed an orc warlord
 11494 | Orc:2    | Noticed an ettin
 11503 | Orc:2    | Mangled by an orc warrior

Levels and vault maps discovered:
D:1:      lightli_iron_boxes, layout_rooms
D:2:      layout_loops_cross, first_ration
D:3:      layout_rooms, serial_bayou, serial_bayou_pond_a, serial_bayou_ford_a,
          serial_bayou_crossing, serial_bayou_pond_e, uniq_robin, uniq_natasha,
          uniq_purgy
D:4:      wander_river, layout_basic, nicolae_overflow_hidden_temple
D:5:      layout_rooms, grunt_temple_overflow_open, kennysheep_generic_room_12,
          uniq_edmund, uniq_ijyb
D:6:      layout_loops_corners, grunt_temple_overflow_gold_and_silver,
          kennysheep_mini, nicolae_ossuary_entry_false_entrances,
          uniq_blork_the_orc
D:7:      layout_cave_pods, minmay_temple_entry_large_hall, serial_shops, shop,
          nicolae_shop_overgrown_old_shop, kennysheep_little_box, shop_fountains
D:8:      layout_basic
D:9:      layout_basic, grunt_temple_overflow_holy_war, old_standard_altar
D:10:     layout_basic, xom_redecorated
D:11:     layout_basic, due_lair_maze_entry_diamond
D:12:     layout_loops_corners, erik_orc_3
D:13:     layout_loops_ring, serial_shops, shop, shop, shop
D:14:     layout_long_grid, skrybe_vaults_entry_preservation,
          chequers_serial_rivers_marsh, hangedman_fish_farm, abandoned_shop,
          minmay_shattered_shrine, uniq_azrael
Temple:   minmay_freezing_vapour_temple
Orc:1:    layout_caves, nooodl_orcs_dogs
Orc:2:    st_orc_elflike, layout_caves, serial_shops, shop

Skill      XL: |  1  2  3  4  5  6  7  8  9 10 11 12 |
---------------+-------------------------------------+-----
Unarmed Combat | 4 5 6 7 8 10 12 13 15 | 15.1
Fighting       | 3 4 5 6 7 8 9 |  9.7
Dodging        | 3 4 5 6 7 8 9 |  9.7

Action                   |  1- 3 |  4- 6 |  7- 9 | 10-12 || total
-------------------------+-------+-------+-------+-------++-------
Melee: Unarmed           |    90 |   132 |   262 |   525 ||  1009
       Punch             |     1 |     1 |    12 |    30 ||    44
Invok: Berserk           |       |     5 |     7 |    21 ||    33
       Trog's Hand       |       |       |     1 |     6 ||     7
       Brothers in Arms  |       |       |       |    11 ||    11
Evoke: Wand              |       |       |       |     7 ||     7
  Use: Scroll            |       |       |     8 |     5 ||    13
       Potion            |       |       |       |     1 ||     1
 Stab: Distracted        |       |       |       |     1 ||     1
  Eat: Chunk             |    14 |    13 |    33 |    83 ||   143
       Ration            |       |       |     2 |     2 ||     4
Armor: Animal skin       |    34 |    48 |    34 |       ||   116
       Robe              |       |       |    26 |   103 ||   129
Dodge: Dodged            |    44 |    63 |   101 |   330 ||   538
